 Dungeon Crawl Stone Soup version 0.30-a0-845-g7c6808c8ce (webtiles) character file.

Game seed: 13039645951172894388

30 jimonade the Magician (level 3, -1/28 HPs)
             Began as a Djinni Warper on Mar 2, 2023.
             Slain by a worm (9 damage)
             ... on level 2 of the Dungeon.
             The game lasted 00:01:46 (1250 turns).

jimonade the Magician (Djinni Warper)               Turns: 1250, Time: 00:01:47

Health: -1/28      AC:  3    Str: 12    XL:     3   Next: 35%
Gold:   77         EV: 12    Int: 14    God:
                   SH:  0    Dex: 12

rFire   + + .      SeeInvis .    a - +0 short sword
rCold   x . .      Faith    .    (no shield)
rNeg    . . .      Spirit   .    b - +0 leather armour
rPois   ∞          Reflect  .    (no helmet)
rElec   .          Rampage  .    (no cloak)
rCorr   .                        (no gloves)
Will    .....                    (boots unavailable)
Stlth   +                        (no amulet)
HPRegen 0.24/turn                (no ring)
MPRegen 0.00/turn                (no ring)

@: flying
A: sickness immunity, fire resistance 2, cold vulnerability 1, float, innate
caster, HP casting, extra vitality 1
a: no special abilities


You were on level 2 of the Dungeon.
You visited 1 branch of the dungeon, and saw 2 of its levels.

You collected 77 gold pieces.

Inventory:

Hand Weapons
 a - a +0 short sword (weapon)
 h - a +0 dagger
 m - a +0 whip
 o - a +0 short sword
Missiles
 d - 7 boomerangs of dispersal (quivered)
 l - 20 stones
Armour
 b - a +0 leather armour (worn)
 n - a +0 scale mail
Scrolls
 c - a scroll of blinking
 e - 2 scrolls of enchant weapon {unknown}
 f - a scroll of noise {unknown}
 i - a scroll of enchant armour {unknown}
 j - a scroll of identify {unknown}
 p - a scroll of fog {unknown}
Potions
 g - a potion of might {unknown}
 k - a potion of mutation {unknown}
 q - a potion of flight {unknown}


   Skills:
 + Level 2.2 Fighting
 + Level 1.9 Short Blades
 + Level 0.7 Throwing
 + Level 1.1 Armour
 + Level 2.4 Dodging
 + Level 0.1 Stealth
 * Level 3.0 Spellcasting


You knew the following spells:

 Your Spells              Type           Power      Damage    Failure   Level
a - Blink                 Tloc           20%        N/A       12%         2
b - Lesser Beckoning      Tloc           20%        N/A       12%         2
c - Vhi's Electric Charg  Tloc/Air       20%        N/A       24%         3
d - Teleport Other        Tloc           10%        N/A       24%         3
e - Manifold Assault      Tloc           10%        N/A       61%         4
f - Slow                  Hex            40%        N/A       8%          1
Your spell library was empty.

Dungeon Overview and Level Annotations

Branches:
Dungeon (2/15)

Altars:


Innate Abilities, Weirdness & Mutations

You are immune to sickness and miasma.
You are immune to poison.
Your flesh is very heat resistant. (rF++)
You are vulnerable to cold. (rC-)
You float through the air rather than walking.
You learn spells naturally, not from books.
Your magical power is your life essence.
You have superior vitality. (+4 MHP)


Message History

An endoplasm comes into view.
Found a coppery potion.
The endoplasm quivers.
You hit the endoplasm.
The endoplasm is severely wounded.
You hit the endoplasm.
You kill the endoplasm!
No target in view!
No target in view!
q - a coppery potion A worm comes into view.
A rat comes into view.
The worm barely misses you.
You hit the worm.
The worm is moderately wounded.
You hit the worm.
The worm is heavily wounded.
The worm bites you!
You hit the worm.
The worm is severely wounded.
You hit the worm but do no damage.
The worm is severely wounded.
The rat bites you but does no damage. The worm barely misses you.
You hit the worm.
The worm is almost dead.
The rat misses you.
You barely miss the worm.
The worm is almost dead.
The worm bites you! The rat misses you.
You barely miss the worm.
The worm is severely wounded.
The rat bites you. The worm bites you.
* * * LOW HITPOINT WARNING * * *
You hit the worm but do no damage.
The worm is severely wounded.
The rat closely misses you.
You hit the worm.
The worm is almost dead.
The worm bites you!
You die...

#..# #..# #..# #.r#
#..### #....
#.#####.##############
#...w@r...............
#######.##############
...# #<....... #####
#########


You could see a worm and a rat.

Vanquished Creatures
  A dart slug (D:1)
  4 endoplasms
  2 giant cockroaches (D:1)
  A goblin (D:1)
  3 hobgoblins (D:1)
  2 kobolds (D:1)
  A quokka (D:1)
  2 ball pythons (D:1)
  6 bats (D:1)
  A frilled lizard (D:1)
  2 rats (D:1)
25 creatures vanquished.

Notes
Turn   | Place    | Note
-------+----------+-------------------------------------------
     0 | D:1      | jimonade the Djinni Warper began the quest for the Orb.
     0 | D:1      | jimonade set off with the following spells memorised:
                  | Blink, Lesser Beckoning, Vhi's Electric Charge, Teleport
                  | Other, Manifold Assault.
     0 | D:1      | Reached XP level 1. HP: 18/18 MP: 0/0
   137 | D:1      | Reached XP level 2. HP: 22/23 MP: 0/0
   558 | D:1      | Reached XP level 3. HP: 22/28 MP: 0/0
   558 | D:1      | Learned a level 1 spell: Slow
   626 | D:1      | Reached skill level 3 in Spellcasting
  1250 | D:2      | Slain by a worm

Illustrated notes

Levels and vault maps discovered:
D:1:      scummos_arrival_simple_fountains, layout_basic
D:2:      layout_basic

Skill      XL: |  1  2  3 |
---------------+----------+-----
Spellcasting   | 3 |  3.0
Fighting       | |  2.2
Short Blades   | |  1.9
Throwing       | |  0.7
Armour         | |  1.1
Dodging        | |  2.4
Stealth        | |  0.1

Action                     || total
---------------------------++-------
  Melee: Short sword       ||   116
 Armour: Leather armour    ||    24
  Dodge: Dodged            ||    79

Table legend: (Time is in decaauts)
 A = Elapsed time spent in this place.
 B = Non-inter-level travel time spent in this place.
 C = Inter-level travel time spent in this place.
 D = Time resting spent in this place.
 E = Time spent auto-exploring this place.
 F = Levels seen in this place.
 G = Mean time per level.
                   A        B        C        D        E       F      G
               +--------+--------+--------+--------+--------+-----+--------+
         Total |   1239 |   1179 |     60 |     48 |    847 |   2 |  619.5 |
       Dungeon |   1239 |   1179 |     60 |     48 |    847 |   2 |  619.5 |
               +--------+--------+--------+--------+--------+-----+--------+

Top non-repeatable levels by time:
     D:1: 1194 daAuts
     D:2: 44 daAuts
